Wolves vs Icehogs

Created - March 21, 2022 at 19:41

Goals
1 2 3 T
Wolves 2 3 1 6
Icehogs 0 2 1 3
Shots
1 2 3 T
Wolves 6 10 11 27
Icehogs 14 13 7 34

1st period

1. Wolves , Kyle Rau 20 (Thomas Spelling 18, Jeff Petry 15) at 6:46
2. Wolves , Fredrik Olofsson 8 (Kyle Rau 39, Thomas Spelling 19) at 19:49

Penalties :
Jeffrey Foss (Chi) for Interference (Minor) at 7:08, Nick Mattson (Roc) for Slashing (Minor) at 10:10

2nd period

3. Icehogs , Petter Granberg 6 (Michael Chaput 11, Nick Mattson 18) at 5:07
4. Wolves , Joe Morrow 7 (Kyle Rau 40, Alexandre Grenier 37) at 7:49 (PP)
5. Wolves , Sebastian Aho 26 (Jeffrey Foss 24, Lawson Crouse 28) at 12:52
6. Wolves , Lawson Crouse 19 (Sebastian Aho 31, Joe Morrow 35) at 19:03
7. Icehogs , Stefan Matteau 14 (Petter Granberg 16, Frederik Gauthier 20) at 19:13

Penalties :
Mike Reilly (Roc) for Hooking (Minor) at 7:36, Tanner Richard (Roc) for Hooking (Minor) at 13:52

3rd period

8. Icehogs , Petter Granberg 7 (Curtis Lazar 17) at 2:27 (PP)
9. Wolves , Thomas Spelling 20 (Kyle Rau 41) at 15:44

Penalties :
Anton Lindholm (Chi) for Cross-checking (Minor) at 1:56, Jeffrey Foss (Chi) for Tripping (Minor) at 4:51, Kale Clague (Chi) for Hooking (Minor) at 10:25, Jeffrey Foss (Chi) for Holding (Minor) at 16:36

Goalie Stats

Laurent Brossoit (Chi), 31 saves from 34 shots - (0.912), W, 23-5-4, 60:00 minutes
Joe Cannata (Roc), 9 saves from 13 shots - (0.692), L, 13-14-1, 32:52 minutes
Mackenzie Blackwood (Roc), 12 saves from 14 shots - (0.857), 27:08 minutes

Players Stats for Wolves

Player Name              G  A  P  +/- PIM S  H  SB GA TA FO     MP     PP MP  PK MP  
------------------------------------------------------------------------------------
Alexandre Grenier        0  1  1   1  0   2  1  1  1  1  0/1    16:27   2:15   0:00 
Anton Lindholm           0  0  0   0  2   0  0  1  0  1  0/0    18:20   1:46   2:41 
Antti Suomela            0  0  0   1  0   2  0  0  0  0  2/11   14:18   0:00   1:36 
Dylan Coghlan            0  0  0   0  0   0  0  0  0  0  0/0     0:00   0:00   0:00 
Fredrik Olofsson         1  0  1   1  0   1  1  1  0  0  0/0    19:59   1:48   2:44 
Jake Evans               0  0  0   0  0   1  0  0  0  0  0/1     5:13   0:00   0:00 
Jakub Zboril             0  0  0   1  0   0  0  0  0  0  0/0     8:56   0:00   0:01 
Jalen Chatfield          0  0  0   1  0   0  1  0  0  0  0/0    12:57   0:00   3:00 
Jeff Petry               0  1  1   0  0   0  1  1  1  0  0/0    18:16   1:46   2:40 
Jeffrey Foss             0  1  1   3  6   2  3  4  1  1  0/0    23:32   2:25   1:46 
Joe Morrow               1  1  2   3  0   5  0  4  3  4  0/0    27:14   2:25   5:46 
Joona Koppanen           0  0  0   0  0   0  0  0  0  0  0/0     0:00   0:00   0:00 
Kale Clague              0  0  0  -1  2   0  0  0  0  0  0/0     5:34   0:00   0:00 
Kevin Stenlund           0  0  0   0  0   0  0  0  0  0  0/0     0:00   0:00   0:00 
Kieffer Bellows          0  0  0   0  0   0  1  0  0  0  0/0    12:07   0:00   0:03 
Kyle Rau                 1  3  4   2  0   2  4  0  0  2  11/23  21:17   2:00   4:05 
Lawson Crouse            1  1  2   1  0   2  1  2  0  0  1/2    25:56   2:10   4:49 
Liam O'Brien             0  0  0   0  0   0  0  0  0  0  0/0     0:00   0:00   0:00 
Matthew Highmore         0  0  0   0  0   0  0  0  0  0  0/0     0:00   0:00   0:00 
Samuel Girard            0  0  0  -1  0   0  0  0  0  1  0/0     6:34   0:00   1:00 
Sebastian Aho            1  1  2   1  0   4  0  1  0  0  15/32  18:25   1:56   1:55 
Thomas Spelling          1  2  3   2  0   3  2  1  2  0  1/1    19:00   1:56   1:42 
Victor Olofsson          0  0  0   0  0   3  0  2  2  1  1/1    12:57   0:28   0:00 
Wade Allison             0  0  0   0  0   0  0  0  0  0  0/0     4:26   0:00   0:00 
Zachary Senyshyn         0  0  0   0  0   0  0  0  0  0  0/0     0:00   0:00   0:00 

Players Stats for Icehogs

Player Name              G  A  P  +/- PIM S  H  SB GA TA FO     MP     PP MP  PK MP  
------------------------------------------------------------------------------------
Andrew Mangiapane        0  0  0  -1  0   3  2  0  0  0  2/2    13:16   0:00   0:55 
Calle Andersson          0  0  0  -2  0   0  0  0  0  0  0/0    10:44   0:00   0:00 
Craig Cunningham         0  0  0  -1  0   1  4  0  1  1  2/2    15:13   3:48   0:52 
Curtis Lazar             0  1  1  -1  0   1  2  0  1  0  0/1    15:49   3:48   0:00 
Dillon Dube              0  0  0   0  0   0  3  0  1  0  2/4     7:53   0:00   0:09 
Frederik Gauthier        0  1  1  -1  0   0  1  1  0  0  16/32  23:43   4:34   2:27 
Julius Honka             0  0  0  -2  0   0  2  1  0  0  0/0    12:06   0:00   1:01 
Kevin Fiala              0  0  0  -1  0   4  2  0  1  0  0/0    10:39   0:05   0:00 
Kurtis Gabriel           0  0  0   0  0   0  0  0  0  0  0/0     7:44   0:00   0:00 
Michael Chaput           0  1  1  -1  0   4  0  0  1  0  11/17  17:54   3:48   1:44 
Mike Amadio              0  0  0  -1  0   1  1  1  1  2  1/2    21:13   4:34   0:00 
Mike Reilly              0  0  0  -3  2   1  2  0  0  1  0/0    20:37   3:52   1:38 
Mikhail Grigorenko       0  0  0   0  0   4  1  0  0  0  1/1     7:44   0:00   0:00 
Nick Mattson             0  1  1   2  2   0  6  1  1  3  0/0    27:05   4:35   1:01 
Patrick Sieloff          0  0  0  -3  0   1  0  0  0  0  0/0    21:22   3:52   2:22 
Petter Granberg          2  1  3   2  0   4  1  2  2  2  0/0    28:25   4:35   2:20 
Stefan Matteau           1  0  1  -1  0   7  2  0  2  1  4/4    23:33   4:34   2:15 
Tanner Richard           0  0  0  -1  2   3  0  0  0  0  2/7    10:46   0:10   0:00 

3 Stars

1 - Kyle Rau (Chi)
2 - Thomas Spelling (Chi)
3 - Petter Granberg (Roc)

Power Play

Wolves - 1 on 3 Attempt(s) - 33.33%
Icehogs - 1 on 5 Attempt(s) - 20.00%

Penalty Kill

Wolves - 4 on 5 Attempt(s) - 80.00% - Score 0 goal in Penalty Kill
Icehogs - 2 on 3 Attempt(s) - 66.67% - Score 0 goal in Penalty Kill

Team Stat

Wolves - Hits : 15 - Faceoff Wins : 31 - Blocked Shots : 18 - Penalty Minutes : 10
Icehogs - Hits : 29 - Faceoff Wins : 41 - Blocked Shots : 6 - Penalty Minutes : 6

Official

Referees : Eric Furlatt and Corey Syvret
Linesman : Julien Fournier and Andrew Smith

Game Notes

Mackenzie Blackwood enters game at 12:52 of 2nd period

Finance

Level 1 -- Attendance: 2000 (100.00%) -- Ticket Income $70,000
Level 2 -- Attendance: 948 (94.80%) -- Ticket Income $14,220
Total Attendance: 2948 (98.27%)
Total Ticket Income: $84,220
Other Income: $4,211
Total Income: $88,431

Wolves

5 vs 5 Forward 
   Center                   Left Wing                Right Wing               Time % Phy DF OF 
 1 Sebastian Aho            Lawson Crouse            Alexandre Grenier        40     1   2  2  
 2 Kyle Rau                 Fredrik Olofsson         Thomas Spelling          30     1   2  2  
 3 Antti Suomela            Kieffer Bellows          Victor Olofsson          20     1   2  2  
 4 Jake Evans               Lawson Crouse            Wade Allison             10     1   2  2  

5 vs 5 Defense 
   Defense                  Defense                                           Time % Phy DF OF 
 1 Jeffrey Foss             Joe Morrow                                        40     1   2  2  
 2 Anton Lindholm           Jeff Petry                                        30     1   2  2  
 3 Jakub Zboril             Jalen Chatfield                                   20     1   2  2  
 4 Samuel Girard            Kale Clague                                       10     1   2  2  

PowerPlay Forward 
   Center                   Left Wing                Right Wing               Time % Phy DF OF 
 1 Kyle Rau                 Lawson Crouse            Alexandre Grenier        60     1   2  2  
 2 Sebastian Aho            Fredrik Olofsson         Thomas Spelling          40     1   2  2  

PowerPlay Defense
   Defense                  Defense                                           Time % Phy DF OF 
 1 Jeffrey Foss             Joe Morrow                                        60     1   2  2  
 2 Anton Lindholm           Jeff Petry                                        40     1   2  2  

Penalty Kill 4 Players Forward 
   Center                   Wing                     Time % Phy DF OF 
 1 Kyle Rau                 Lawson Crouse            60     1   2  2  
 2 Sebastian Aho            Fredrik Olofsson         40     1   2  2  

Penalty Kill 4 Players Defense
   Defense                  Defense                  Time % Phy DF OF 
 1 Jeffrey Foss             Joe Morrow               60     1   2  2  
 2 Anton Lindholm           Jeff Petry               40     1   2  2  

Penalty Kill - 3 Players Forward 
   Forward                                           Time % Phy DF OF 
 1 Kyle Rau                                          60     1   2  2  
 2 Sebastian Aho                                     40     1   2  2  

Penalty Kill - 3 Players Defense
   Defense                  Defense                  Time % Phy DF OF 
 1 Jeffrey Foss             Joe Morrow               60     1   2  2  
 2 Anton Lindholm           Jeff Petry               40     1   2  2  

4 vs 4 Forward 
   Center                   Wing                     Time % Phy DF OF 
 1 Kyle Rau                 Lawson Crouse            60     1   2  2  
 2 Sebastian Aho            Fredrik Olofsson         40     1   2  2  

4 vs 4 Defense
   Defense                  Defense                  Time % Phy DF OF 
 1 Jeffrey Foss             Joe Morrow               60     1   2  2  
 2 Anton Lindholm           Jeff Petry               40     1   2  2  

Last Minutes Offensive
   Center                   Left Wing                Right Wing               Defense                  Defense                  
   Kyle Rau                 Lawson Crouse            Alexandre Grenier        Jeffrey Foss             Joe Morrow               

Last Minutes Defensive
   Center                   Left Wing                Right Wing               Defense                  Defense                  
   Kyle Rau                 Lawson Crouse            Alexandre Grenier        Jeffrey Foss             Joe Morrow               

Goaltenders
Starting : Laurent Brossoit         
Backup : Ebbe Siönäs              

Extra Forwards
Normal : Thomas Spelling, Victor Olofsson, Antti Suomela - PP : Thomas Spelling, Victor Olofsson - PK : Thomas Spelling
Extra Defensemen
Normal : Jalen Chatfield, Samuel Girard, Kale Clague - PP : Jalen Chatfield - PK : Jalen Chatfield, Samuel Girard
Penalty Shots
Alexandre Grenier, Kyle Rau, Sebastian Aho, Lawson Crouse, Thomas Spelling

Scratches
Eric Robinson (Healthy), Sergei Kostenko (Healthy)

Icehogs

5 vs 5 Forward 
   Center                   Left Wing                Right Wing               Time % Phy DF OF 
 1 Frederik Gauthier        Stefan Matteau           Mike Amadio              40     1   2  2  
 2 Michael Chaput           Andrew Mangiapane        Curtis Lazar             30     1   2  2  
 3 Tanner Richard           Craig Cunningham         Kevin Fiala              20     1   2  2  
 4 Dillon Dube              Mikhail Grigorenko       Kurtis Gabriel           10     1   2  2  

5 vs 5 Defense 
   Defense                  Defense                                           Time % Phy DF OF 
 1 Petter Granberg          Nick Mattson                                      40     1   2  2  
 2 Mike Reilly              Patrick Sieloff                                   30     1   2  2  
 3 Julius Honka             Calle Andersson                                   20     1   2  2  
 4 Petter Granberg          Nick Mattson                                      10     1   2  2  

PowerPlay Forward 
   Center                   Left Wing                Right Wing               Time % Phy DF OF 
 1 Frederik Gauthier        Stefan Matteau           Mike Amadio              60     1   2  2  
 2 Michael Chaput           Craig Cunningham         Curtis Lazar             40     1   2  2  

PowerPlay Defense
   Defense                  Defense                                           Time % Phy DF OF 
 1 Petter Granberg          Nick Mattson                                      60     1   2  2  
 2 Mike Reilly              Patrick Sieloff                                   40     1   2  2  

Penalty Kill 4 Players Forward 
   Center                   Wing                     Time % Phy DF OF 
 1 Frederik Gauthier        Stefan Matteau           60     1   2  2  
 2 Michael Chaput           Craig Cunningham         40     1   2  2  

Penalty Kill 4 Players Defense
   Defense                  Defense                  Time % Phy DF OF 
 1 Petter Granberg          Nick Mattson             60     1   2  2  
 2 Mike Reilly              Patrick Sieloff          40     1   2  2  

Penalty Kill - 3 Players Forward 
   Forward                                           Time % Phy DF OF 
 1 Frederik Gauthier                                 60     1   2  2  
 2 Michael Chaput                                    40     1   2  2  

Penalty Kill - 3 Players Defense
   Defense                  Defense                  Time % Phy DF OF 
 1 Petter Granberg          Nick Mattson             60     1   2  2  
 2 Mike Reilly              Patrick Sieloff          40     1   2  2  

4 vs 4 Forward 
   Center                   Wing                     Time % Phy DF OF 
 1 Frederik Gauthier        Stefan Matteau           60     1   2  2  
 2 Michael Chaput           Craig Cunningham         40     1   2  2  

4 vs 4 Defense
   Defense                  Defense                  Time % Phy DF OF 
 1 Petter Granberg          Nick Mattson             60     1   2  2  
 2 Mike Reilly              Patrick Sieloff          40     1   2  2  

Last Minutes Offensive
   Center                   Left Wing                Right Wing               Defense                  Defense                  
   Frederik Gauthier        Stefan Matteau           Mike Amadio              Petter Granberg          Nick Mattson             

Last Minutes Defensive
   Center                   Left Wing                Right Wing               Defense                  Defense                  
   Frederik Gauthier        Stefan Matteau           Mike Amadio              Petter Granberg          Nick Mattson             

Goaltenders
Starting : Joe Cannata              
Backup : Mackenzie Blackwood      

Extra Forwards
Normal : Michael Chaput, Tanner Richard, Andrew Mangiapane - PP : Michael Chaput, Tanner Richard - PK : Michael Chaput
Extra Defensemen
Normal : Patrick Sieloff, Julius Honka, Calle Andersson - PP : Patrick Sieloff - PK : Patrick Sieloff, Julius Honka
Penalty Shots
Stefan Matteau, Frederik Gauthier, Mike Amadio, Craig Cunningham, Michael Chaput

Scratches
Ben Harpur (Broken Bone (Right Foot) Injury), Clark Bishop (Healthy), Duncan Siemens (Healthy), JJ. Piccinich (Healthy), Mattias Janmark (Healthy)
Myles Bell (Healthy), Nick Paul (Healthy), Nikita Scherbak (Healthy), Patrick Russell (Healthy), Ross Johnston (Healthy)
Zach Whitecloud (Healthy), Jeremy Davies (Healthy), Jackson Cates (Healthy), Michael Giugovaz (Healthy), Jack LaFontaine (Healthy)

% Time on Ice - Wolves

Lines # - Real PCT - Wanted PCT - Time Play
Normal Forward
1 - 33% - 40% - 15:39
2 - 32% - 30% - 15:23
3 - 25% - 20% - 11:54
4 - 9% - 10% - 4:26
Normal Defense
1 - 40% - 40% - 19:07
2 - 29% - 30% - 13:50
3 - 19% - 20% - 8:51
4 - 12% - 10% - 5:34
PP Forward
1 - 54% - 60% - 2:15
2 - 46% - 40% - 1:56
PP Defense
1 - 58% - 60% - 2:25
2 - 42% - 40% - 1:46
PK Forward
1 - 77% - 60% - 6:32
2 - 23% - 40% - 1:55
PK Defense
1 - 68% - 60% - 5:47
2 - 32% - 40% - 2:40
PK3 Forward
1 - 0% - 60%
2 - 0% - 40%
PK3 Defense
1 - 0% - 60%
2 - 0% - 40%
44 Forward
1 - 0% - 60%
2 - 0% - 40%
44 Defense
1 - 0% - 60%
2 - 0% - 40%
Last Minute Offensive  - 0:00
Last Minute Defensive  - 0:00
Total
Forward - 60:00
Defense - 60:00

% Time on Ice - Icehogs

Lines # - Real PCT - Wanted PCT - Time Play
Normal Forward
1 - 36% - 40% - 17:08
2 - 25% - 30% - 12:01
3 - 22% - 20% - 10:29
4 - 16% - 10% - 7:44
Normal Defense
1 - 41% - 40% - 19:16
2 - 32% - 30% - 15:08
3 - 23% - 20% - 10:44
4 - 5% - 10% - 2:14
PP Forward
1 - 55% - 60% - 4:39
2 - 45% - 40% - 3:48
PP Defense
1 - 54% - 60% - 4:35
2 - 46% - 40% - 3:52
PK Forward
1 - 79% - 60% - 3:19
2 - 21% - 40% - 0:52
PK Defense
1 - 56% - 60% - 2:20
2 - 44% - 40% - 1:51
PK3 Forward
1 - 0% - 60%
2 - 0% - 40%
PK3 Defense
1 - 0% - 60%
2 - 0% - 40%
44 Forward
1 - 0% - 60%
2 - 0% - 40%
44 Defense
1 - 0% - 60%
2 - 0% - 40%
Last Minute Offensive  - 0:00
Last Minute Defensive  - 0:00
Total
Forward - 60:00
Defense - 60:00

Play-by-Play

1st period


0:01 of 1st period - Sebastian Aho wins face-off versus Frederik Gauthier in neutral zone.
0:28 of 1st period - Fredrik Olofsson is hit by Nick Mattson and loses puck.
0:51 of 1st period - Wrist shot by Craig Cunningham.
0:51 of 1st period - Stopped by Laurent Brossoit with a rebound.
1:13 of 1st period - Snap shot by Mikhail Grigorenko.
1:13 of 1st period - Stopped by Laurent Brossoit with a rebound.
1:15 of 1st period - Wrist shot by Petter Granberg.
1:15 of 1st period - Deflect By Jeff Petry.
1:15 of 1st period - Stopped by Laurent Brossoit without a rebound.
1:16 of 1st period - Frederik Gauthier wins face-off versus Kyle Rau in Wolves zone.
1:29 of 1st period - Snap shot by Stefan Matteau.
1:29 of 1st period - Stopped by Laurent Brossoit without a rebound.
1:30 of 1st period - Michael Chaput wins face-off versus Sebastian Aho in Wolves zone.
1:55 of 1st period - Samuel Girard is hit by Julius Honka and loses puck.
2:34 of 1st period - Patrick Sieloff is hit by Kyle Rau and loses puck.
2:45 of 1st period - Patrick Sieloff is hit by Lawson Crouse and loses puck.
2:56 of 1st period - Wrist shot by Michael Chaput.
2:56 of 1st period - Shot Misses the Net.
3:06 of 1st period - Mike Amadio is hit by Jeffrey Foss and loses puck.
3:32 of 1st period - Jeffrey Foss is hit by Dillon Dube and loses puck.
3:37 of 1st period - Slapshot by Mikhail Grigorenko.
3:37 of 1st period - Stopped by Laurent Brossoit without a rebound.
3:38 of 1st period - Kyle Rau wins face-off versus Michael Chaput in Wolves zone.
4:09 of 1st period - Slapshot by Tanner Richard.
4:09 of 1st period - Stopped by Laurent Brossoit with a rebound.
4:11 of 1st period - Wrist shot by Kevin Fiala.
4:11 of 1st period - Stopped by Laurent Brossoit with a rebound.
4:17 of 1st period - Wrist shot by Tanner Richard.
4:17 of 1st period - Stopped by Laurent Brossoit with a rebound.
4:53 of 1st period - Snap shot by Mikhail Grigorenko.
4:53 of 1st period - Stopped by Laurent Brossoit with a rebound.
5:03 of 1st period - Lawson Crouse is hit by Dillon Dube and loses puck.
5:13 of 1st period - Off-side.
5:14 of 1st period - Sebastian Aho wins face-off versus Tanner Richard in neutral zone.
6:04 of 1st period - Snap shot by Michael Chaput.
6:04 of 1st period - Stopped by Laurent Brossoit without a rebound.
6:05 of 1st period - Michael Chaput wins face-off versus Antti Suomela in Wolves zone.
6:08 of 1st period - Snap shot by Andrew Mangiapane.
6:08 of 1st period - Stopped by Laurent Brossoit without a rebound.
6:09 of 1st period - Frederik Gauthier wins face-off versus Sebastian Aho in Wolves zone.
6:31 of 1st period - Anton Lindholm is hit by Nick Mattson and loses puck.
6:46 of 1st period - Snap shot by Kyle Rau.
6:46 of 1st period - Goal by Kyle Rau - Wolves : 1 - Icehogs : 0.
6:47 of 1st period - Sebastian Aho wins face-off versus Michael Chaput in neutral zone.
7:02 of 1st period - Snap shot by Michael Chaput.
7:02 of 1st period - Shot Misses the Net.
7:08 of 1st period - Minor Penalty to Jeffrey Foss for Interference.
7:09 of 1st period - Kyle Rau wins face-off versus Frederik Gauthier in Wolves zone.
8:14 of 1st period - Kyle Rau is hit by Craig Cunningham and loses puck.
9:08 of 1st period - Penalty to Jeffrey Foss is over, Jeffrey Foss is back on ice.
9:18 of 1st period - Off-side.
9:19 of 1st period - Antti Suomela wins face-off versus Dillon Dube in neutral zone.
9:22 of 1st period - Wrist shot by Victor Olofsson.
9:22 of 1st period - Stopped by Joe Cannata with a rebound.
9:24 of 1st period - Slapshot by Victor Olofsson.
9:24 of 1st period - Shot Misses the Net.
9:44 of 1st period - Lawson Crouse is hit by Julius Honka and loses puck.
10:10 of 1st period - Minor Penalty to Nick Mattson for Slashing.
10:11 of 1st period - Frederik Gauthier wins face-off versus Kyle Rau in Icehogs zone.
11:15 of 1st period - Icing by Kyle Rau.
11:16 of 1st period - Stefan Matteau wins face-off versus Kyle Rau in Wolves zone.
11:59 of 1st period - Icing by Joe Morrow.
12:00 of 1st period - Sebastian Aho wins face-off versus Michael Chaput in Wolves zone.
12:10 of 1st period - Penalty to Nick Mattson is over, Nick Mattson is back on ice.
12:30 of 1st period - Slapshot by Thomas Spelling.
12:30 of 1st period - Stopped by Joe Cannata without a rebound.
12:31 of 1st period - Frederik Gauthier wins face-off versus Antti Suomela in Icehogs zone.
13:34 of 1st period - Snap shot by Michael Chaput.
13:34 of 1st period - Deflect By Andrew Mangiapane.
13:34 of 1st period - Shot Misses the Net.
13:34 of 1st period - Puck is out of play.
13:35 of 1st period - Michael Chaput wins face-off versus Sebastian Aho in Wolves zone.
13:40 of 1st period - Wrist shot by Michael Chaput.
13:40 of 1st period - Deflect By Andrew Mangiapane.
13:40 of 1st period - Shot Misses the Net.
13:40 of 1st period - Puck is out of play.
13:41 of 1st period - Kyle Rau wins face-off versus Frederik Gauthier in Wolves zone.
13:47 of 1st period - Icing by Mike Reilly.
13:48 of 1st period - Kyle Rau wins face-off versus Frederik Gauthier in Icehogs zone.
14:37 of 1st period - Nick Mattson is hit by Jeff Petry and loses puck.
15:11 of 1st period - Wrist shot by Thomas Spelling.
15:11 of 1st period - Stopped by Joe Cannata without a rebound.
15:12 of 1st period - Michael Chaput wins face-off versus Kyle Rau in Icehogs zone.
15:25 of 1st period - Backhand shot by Michael Chaput.
15:25 of 1st period - Stopped by Laurent Brossoit with a rebound.
15:27 of 1st period - Snap shot by Michael Chaput.
15:27 of 1st period - Stopped by Laurent Brossoit without a rebound.
15:28 of 1st period - Frederik Gauthier wins face-off versus Sebastian Aho in Wolves zone.
15:29 of 1st period - Wrist shot by Stefan Matteau.
15:29 of 1st period - Stopped by Laurent Brossoit with a rebound.
15:31 of 1st period - Wrist shot by Frederik Gauthier.
15:31 of 1st period - Shot Misses the Net.
15:33 of 1st period - Slapshot by Petter Granberg.
15:33 of 1st period - Deflect By Frederik Gauthier.
15:33 of 1st period - Shot Misses the Net.
15:33 of 1st period - Puck is out of play.
15:34 of 1st period - Frederik Gauthier wins face-off versus Sebastian Aho in Wolves zone.
16:09 of 1st period - Snap shot by Victor Olofsson.
16:09 of 1st period - Deflect By Antti Suomela.
16:09 of 1st period - Shot Hit the Post.
16:09 of 1st period - Puck is out of play.
16:10 of 1st period - Michael Chaput wins face-off versus Sebastian Aho in Icehogs zone.
16:21 of 1st period - Snap shot by Michael Chaput.
16:21 of 1st period - Deflect By Sebastian Aho.
16:21 of 1st period - Shot Blocked by Sebastian Aho.
16:21 of 1st period - Puck is out of play.
16:22 of 1st period - Sebastian Aho wins face-off versus Michael Chaput in Wolves zone.
16:22 of 1st period - Sebastian Aho is hit by Petter Granberg.
16:50 of 1st period - Slapshot by Joe Morrow.
16:50 of 1st period - Shot Blocked by Nick Mattson.
17:16 of 1st period - Slapshot by Joe Morrow.
17:16 of 1st period - Stopped by Joe Cannata without a rebound.
17:17 of 1st period - Kyle Rau wins face-off versus Tanner Richard in Icehogs zone.
17:24 of 1st period - Wrist shot by Kyle Rau.
17:24 of 1st period - Shot Misses the Net.
17:32 of 1st period - Slapshot by Mike Reilly.
17:32 of 1st period - Shot Blocked by Fredrik Olofsson.
18:10 of 1st period - Off-side.
18:11 of 1st period - Frederik Gauthier wins face-off versus Sebastian Aho in neutral zone.
18:24 of 1st period - Slapshot by Alexandre Grenier.
18:24 of 1st period - Shot Misses the Net.
18:26 of 1st period - Snap shot by Lawson Crouse.
18:26 of 1st period - Shot Misses the Net.
18:36 of 1st period - Joe Morrow is hit by Curtis Lazar and loses puck.
19:16 of 1st period - Icing by Jakub Zboril.
19:17 of 1st period - Frederik Gauthier wins face-off versus Antti Suomela in Wolves zone.
19:32 of 1st period - Jakub Zboril is hit by Mike Reilly and loses puck.
19:49 of 1st period - Snap shot by Fredrik Olofsson.
19:49 of 1st period - Goal by Fredrik Olofsson - Wolves : 2 - Icehogs : 0.
19:50 of 1st period - Sebastian Aho wins face-off versus Frederik Gauthier in neutral zone.
Goals for this period are 2 for Wolves vs 0 for Icehogs.
Shots for this period are 6 for Wolves vs 14 for Icehogs.

2nd period


0:01 of 2nd period - Stefan Matteau wins face-off versus Sebastian Aho in neutral zone.
0:14 of 2nd period - Wrist shot by Sebastian Aho.
0:14 of 2nd period - Shot Blocked by Petter Granberg.
0:16 of 2nd period - Slapshot by Jeffrey Foss.
0:16 of 2nd period - Shot Blocked by Frederik Gauthier.
1:55 of 2nd period - Snap shot by Antti Suomela.
1:55 of 2nd period - Stopped by Joe Cannata without a rebound.
1:56 of 2nd period - Frederik Gauthier wins face-off versus Kyle Rau in Icehogs zone.
2:21 of 2nd period - Lawson Crouse is hit by Nick Mattson and loses puck.
2:30 of 2nd period - Snap shot by Sebastian Aho.
2:30 of 2nd period - Stopped by Joe Cannata with a rebound.
3:07 of 2nd period - Backhand shot by Mike Reilly.
3:07 of 2nd period - Deflect By Mikhail Grigorenko.
3:07 of 2nd period - Shot Blocked by Lawson Crouse.
3:07 of 2nd period - Puck is out of play.
3:08 of 2nd period - Frederik Gauthier wins face-off versus Kyle Rau in Wolves zone.
3:13 of 2nd period - Snap shot by Stefan Matteau.
3:13 of 2nd period - Stopped by Laurent Brossoit with a rebound.
3:15 of 2nd period - Slapshot by Mike Reilly.
3:15 of 2nd period - Stopped by Laurent Brossoit with a rebound.
3:17 of 2nd period - Slapshot by Mike Amadio.
3:17 of 2nd period - Stopped by Laurent Brossoit with a rebound.
3:19 of 2nd period - Snap shot by Stefan Matteau.
3:19 of 2nd period - Stopped by Laurent Brossoit without a rebound.
3:20 of 2nd period - Frederik Gauthier wins face-off versus Sebastian Aho in Wolves zone.
4:55 of 2nd period - Icing by Fredrik Olofsson.
4:56 of 2nd period - Kyle Rau wins face-off versus Michael Chaput in Wolves zone.
5:01 of 2nd period - Snap shot by Michael Chaput.
5:01 of 2nd period - Shot Misses the Net.
5:03 of 2nd period - Snap shot by Michael Chaput.
5:03 of 2nd period - Shot Misses the Net.
5:05 of 2nd period - Slapshot by Petter Granberg.
5:05 of 2nd period - Stopped by Laurent Brossoit with a rebound.
5:07 of 2nd period - Slapshot by Petter Granberg.
5:07 of 2nd period - Goal by Petter Granberg - Wolves : 2 - Icehogs : 1.
5:08 of 2nd period - Stefan Matteau wins face-off versus Lawson Crouse in neutral zone.
5:17 of 2nd period - Wrist shot by Stefan Matteau.
5:17 of 2nd period - Stopped by Laurent Brossoit with a rebound.
5:40 of 2nd period - Wrist shot by Michael Chaput.
5:40 of 2nd period - Stopped by Laurent Brossoit with a rebound.
5:42 of 2nd period - Wrist shot by Curtis Lazar.
5:42 of 2nd period - Deflect By Andrew Mangiapane.
5:42 of 2nd period - Shot Blocked by Jeffrey Foss.
5:42 of 2nd period - Puck is out of play.
5:43 of 2nd period - Sebastian Aho wins face-off versus Frederik Gauthier in Wolves zone.
5:48 of 2nd period - Frederik Gauthier is hit by Alexandre Grenier.
5:58 of 2nd period - Snap shot by Sebastian Aho.
5:58 of 2nd period - Stopped by Joe Cannata without a rebound.
5:59 of 2nd period - Andrew Mangiapane wins face-off versus Kyle Rau in Icehogs zone.
5:59 of 2nd period - Andrew Mangiapane is hit by Jeffrey Foss.
6:53 of 2nd period - Slapshot by Victor Olofsson.
6:53 of 2nd period - Stopped by Joe Cannata with a rebound.
6:59 of 2nd period - Victor Olofsson is hit by Craig Cunningham and loses puck.
7:14 of 2nd period - Patrick Sieloff is hit by Kyle Rau and loses puck.
7:36 of 2nd period - Minor Penalty to Mike Reilly for Hooking.
7:37 of 2nd period - Kyle Rau wins face-off versus Frederik Gauthier in Icehogs zone.
7:45 of 2nd period - Wrist shot by Alexandre Grenier.
7:45 of 2nd period - Shot Misses the Net.
7:47 of 2nd period - Wrist shot by Kyle Rau.
7:47 of 2nd period - Shot Misses the Net.
7:49 of 2nd period - Slapshot by Joe Morrow.
7:49 of 2nd period - Goal by Joe Morrow - Wolves : 3 - Icehogs : 1.
7:50 of 2nd period - Sebastian Aho wins face-off versus Frederik Gauthier in neutral zone.
8:03 of 2nd period - Wrist shot by Alexandre Grenier.
8:03 of 2nd period - Shot Misses the Net.
8:05 of 2nd period - Wrist shot by Alexandre Grenier.
8:05 of 2nd period - Shot Misses the Net.
8:15 of 2nd period - Petter Granberg is hit by Kieffer Bellows and loses puck.
8:26 of 2nd period - Slapshot by Antti Suomela.
8:26 of 2nd period - Deflect By Victor Olofsson.
8:26 of 2nd period - Shot Misses the Net.
8:26 of 2nd period - Puck is out of play.
8:27 of 2nd period - Michael Chaput wins face-off versus Sebastian Aho in Icehogs zone.
8:40 of 2nd period - Snap shot by Curtis Lazar.
8:40 of 2nd period - Deflect By Lawson Crouse.
8:40 of 2nd period - Stopped by Laurent Brossoit with a rebound.
8:45 of 2nd period - Icing by Jeff Petry.
8:46 of 2nd period - Tanner Richard wins face-off versus Sebastian Aho in Wolves zone.
8:52 of 2nd period - Off-side.
8:53 of 2nd period - Craig Cunningham wins face-off versus Sebastian Aho in neutral zone.
9:02 of 2nd period - Backhand shot by Kevin Fiala.
9:02 of 2nd period - Shot Misses the Net.
9:04 of 2nd period - Slapshot by Nick Mattson.
9:04 of 2nd period - Shot Blocked by Joe Morrow.
9:06 of 2nd period - Snap shot by Kevin Fiala.
9:06 of 2nd period - Shot Blocked by Jeffrey Foss.
9:18 of 2nd period - Mike Amadio is hit by Kyle Rau.
10:05 of 2nd period - Wrist shot by Kevin Fiala.
10:05 of 2nd period - Stopped by Laurent Brossoit without a rebound.
10:06 of 2nd period - Thomas Spelling wins face-off versus Tanner Richard in Wolves zone.
10:13 of 2nd period - Kevin Fiala is hit by Thomas Spelling and loses puck.
10:37 of 2nd period - Wrist shot by Frederik Gauthier.
10:37 of 2nd period - Deflect By Lawson Crouse.
10:37 of 2nd period - Shot Misses the Net.
10:37 of 2nd period - Puck is out of play.
10:38 of 2nd period - Sebastian Aho wins face-off versus Frederik Gauthier in Wolves zone.
11:05 of 2nd period - Thomas Spelling is hit by Andrew Mangiapane and loses puck.
11:21 of 2nd period - Icing by Michael Chaput.
11:22 of 2nd period - Antti Suomela wins face-off versus Tanner Richard in Icehogs zone.
11:25 of 2nd period - Slapshot by Joe Morrow.
11:25 of 2nd period - Shot Misses the Net.
11:27 of 2nd period - Slapshot by Jeffrey Foss.
11:27 of 2nd period - Stopped by Joe Cannata without a rebound.
11:28 of 2nd period - Craig Cunningham wins face-off versus Antti Suomela in Icehogs zone.
11:35 of 2nd period - Snap shot by Tanner Richard.
11:35 of 2nd period - Stopped by Laurent Brossoit with a rebound.
11:53 of 2nd period - Antti Suomela is hit by Nick Mattson.
12:25 of 2nd period - Jakub Zboril is hit by Craig Cunningham and loses puck.
12:36 of 2nd period - Snap shot by Craig Cunningham.
12:36 of 2nd period - Deflect By Tanner Richard.
12:36 of 2nd period - Shot Blocked by Victor Olofsson.
12:36 of 2nd period - Puck is out of play.
12:37 of 2nd period - Mike Amadio wins face-off versus Sebastian Aho in Wolves zone.
12:50 of 2nd period - Slapshot by Jeffrey Foss.
12:50 of 2nd period - Shot Misses the Net.
12:52 of 2nd period - Snap shot by Sebastian Aho.
12:52 of 2nd period - Goal by Sebastian Aho - Wolves : 4 - Icehogs : 1.
12:52 of 2nd period - Mackenzie Blackwood enters game.
12:53 of 2nd period - Stefan Matteau wins face-off versus Alexandre Grenier in neutral zone.
12:56 of 2nd period - Jeff Petry is hit by Mike Amadio and loses puck.
13:25 of 2nd period - Anton Lindholm is hit by Andrew Mangiapane and loses puck.
13:32 of 2nd period - Snap shot by Michael Chaput.
13:32 of 2nd period - Shot Blocked by Anton Lindholm.
13:50 of 2nd period - Snap shot by Jeff Petry.
13:50 of 2nd period - Shot Misses the Net.
13:52 of 2nd period - Minor Penalty to Tanner Richard for Hooking.
13:53 of 2nd period - Kyle Rau wins face-off versus Frederik Gauthier in Icehogs zone.
15:52 of 2nd period - Penalty to Tanner Richard is over, Tanner Richard is back on ice.
16:26 of 2nd period - Icing by Calle Andersson.
16:27 of 2nd period - Mikhail Grigorenko wins face-off versus Antti Suomela in Icehogs zone.
16:27 of 2nd period - Mikhail Grigorenko is hit by Jalen Chatfield.
17:46 of 2nd period - Slapshot by Joe Morrow.
17:46 of 2nd period - Stopped by Mackenzie Blackwood with a rebound.
17:48 of 2nd period - Wrist shot by Victor Olofsson.
17:48 of 2nd period - Shot Misses the Net.
17:50 of 2nd period - Slapshot by Joe Morrow.
17:50 of 2nd period - Stopped by Mackenzie Blackwood without a rebound.
17:51 of 2nd period - Andrew Mangiapane wins face-off versus Antti Suomela in Icehogs zone.
19:01 of 2nd period - Wrist shot by Sebastian Aho.
19:01 of 2nd period - Shot Misses the Net.
19:03 of 2nd period - Wrist shot by Lawson Crouse.
19:03 of 2nd period - Goal by Lawson Crouse - Wolves : 5 - Icehogs : 1.
19:04 of 2nd period - Frederik Gauthier wins face-off versus Sebastian Aho in neutral zone.
19:09 of 2nd period - Slapshot by Stefan Matteau.
19:09 of 2nd period - Shot Misses the Net.
19:11 of 2nd period - Snap shot by Petter Granberg.
19:11 of 2nd period - Shot Misses the Net.
19:13 of 2nd period - Backhand shot by Stefan Matteau.
19:13 of 2nd period - Goal by Stefan Matteau - Wolves : 5 - Icehogs : 2.
19:14 of 2nd period - Sebastian Aho wins face-off versus Frederik Gauthier in neutral zone.
19:22 of 2nd period - Off-side.
19:23 of 2nd period - Frederik Gauthier wins face-off versus Sebastian Aho in neutral zone.
19:28 of 2nd period - Joe Morrow is hit by Stefan Matteau and loses puck.
19:53 of 2nd period - Snap shot by Stefan Matteau.
19:53 of 2nd period - Stopped by Laurent Brossoit with a rebound.
Goals for this period are 3 for Wolves vs 2 for Icehogs.
Shots for this period are 10 for Wolves vs 13 for Icehogs.

3rd period


0:01 of 3rd period - Michael Chaput wins face-off versus Sebastian Aho in neutral zone.
0:06 of 3rd period - Snap shot by Michael Chaput.
0:06 of 3rd period - Shot Misses the Net.
0:08 of 3rd period - Snap shot by Michael Chaput.
0:08 of 3rd period - Shot Misses the Net.
0:10 of 3rd period - Slapshot by Andrew Mangiapane.
0:10 of 3rd period - Stopped by Laurent Brossoit with a rebound.
0:12 of 3rd period - Wrist shot by Curtis Lazar.
0:12 of 3rd period - Shot Misses the Net.
0:14 of 3rd period - Snap shot by Michael Chaput.
0:14 of 3rd period - Shot Blocked by Alexandre Grenier.
0:16 of 3rd period - Wrist shot by Andrew Mangiapane.
0:16 of 3rd period - Stopped by Laurent Brossoit with a rebound.
0:26 of 3rd period - Alexandre Grenier is hit by Craig Cunningham and loses puck.
0:35 of 3rd period - Snap shot by Craig Cunningham.
0:35 of 3rd period - Shot Blocked by Jeffrey Foss.
0:41 of 3rd period - Wrist shot by Joe Morrow.
0:41 of 3rd period - Stopped by Mackenzie Blackwood without a rebound.
0:42 of 3rd period - Frederik Gauthier wins face-off versus Kyle Rau in Icehogs zone.
0:42 of 3rd period - Frederik Gauthier is hit by Thomas Spelling.
1:17 of 3rd period - Wrist shot by Craig Cunningham.
1:17 of 3rd period - Deflect By Kevin Fiala.
1:17 of 3rd period - Stopped by Laurent Brossoit with a rebound.
1:19 of 3rd period - Wrist shot by Patrick Sieloff.
1:19 of 3rd period - Stopped by Laurent Brossoit with a rebound.
1:21 of 3rd period - Wrist shot by Craig Cunningham.
1:21 of 3rd period - Shot Blocked by Thomas Spelling.
1:25 of 3rd period - Snap shot by Craig Cunningham.
1:25 of 3rd period - Shot Blocked by Jeff Petry.
1:27 of 3rd period - Snap shot by Kevin Fiala.
1:27 of 3rd period - Stopped by Laurent Brossoit with a rebound.
1:37 of 3rd period - Anton Lindholm is hit by Mikhail Grigorenko and loses puck.
1:56 of 3rd period - Minor Penalty to Anton Lindholm for Cross-checking.
1:57 of 3rd period - Frederik Gauthier wins face-off versus Antti Suomela in Wolves zone.
2:13 of 3rd period - Backhand shot by Mike Amadio.
2:13 of 3rd period - Shot Misses the Net.
2:27 of 3rd period - Snap shot by Petter Granberg.
2:27 of 3rd period - Goal by Petter Granberg - Wolves : 5 - Icehogs : 3.
2:28 of 3rd period - Lawson Crouse wins face-off versus Frederik Gauthier in neutral zone.
3:56 of 3rd period - Kyle Rau is hit by Nick Mattson.
4:36 of 3rd period - Snap shot by Lawson Crouse.
4:36 of 3rd period - Stopped by Mackenzie Blackwood without a rebound.
4:37 of 3rd period - Tanner Richard wins face-off versus Sebastian Aho in Icehogs zone.
4:51 of 3rd period - Minor Penalty to Jeffrey Foss for Tripping.
4:52 of 3rd period - Frederik Gauthier wins face-off versus Kyle Rau in Wolves zone.
5:41 of 3rd period - Stefan Matteau is hit by Fredrik Olofsson and loses puck.
6:31 of 3rd period - Wrist shot by Frederik Gauthier.
6:31 of 3rd period - Shot Misses the Net.
6:33 of 3rd period - Snap shot by Stefan Matteau.
6:33 of 3rd period - Shot Blocked by Joe Morrow.
6:35 of 3rd period - Wrist shot by Frederik Gauthier.
6:35 of 3rd period - Shot Blocked by Lawson Crouse.
6:51 of 3rd period - Penalty to Jeffrey Foss is over, Jeffrey Foss is back on ice.
7:56 of 3rd period - Snap shot by Stefan Matteau.
7:56 of 3rd period - Deflect By Mike Amadio.
7:56 of 3rd period - Shot Misses the Net.
7:56 of 3rd period - Puck is out of play.
7:57 of 3rd period - Michael Chaput wins face-off versus Kyle Rau in Wolves zone.
8:08 of 3rd period - Petter Granberg is hit by Kyle Rau and loses puck.
8:23 of 3rd period - Thomas Spelling is hit by Kevin Fiala and loses puck.
8:34 of 3rd period - Wrist shot by Tanner Richard.
8:34 of 3rd period - Shot Misses the Net.
8:36 of 3rd period - Snap shot by Craig Cunningham.
8:36 of 3rd period - Shot Misses the Net.
8:57 of 3rd period - Snap shot by Jake Evans.
8:57 of 3rd period - Stopped by Mackenzie Blackwood without a rebound.
8:58 of 3rd period - Michael Chaput wins face-off versus Jake Evans in Icehogs zone.
9:23 of 3rd period - Fredrik Olofsson is hit by Kevin Fiala and loses puck.
10:25 of 3rd period - Minor Penalty to Kale Clague for Hooking.
10:26 of 3rd period - Michael Chaput wins face-off versus Kyle Rau in Wolves zone.
10:30 of 3rd period - Wrist shot by Curtis Lazar.
10:30 of 3rd period - Deflect By Joe Morrow.
10:30 of 3rd period - Shot Blocked by Jeffrey Foss.
10:30 of 3rd period - Puck is out of play.
10:31 of 3rd period - Michael Chaput wins face-off versus Kyle Rau in Wolves zone.
11:03 of 3rd period - Snap shot by Jeffrey Foss.
11:03 of 3rd period - Deflect By Fredrik Olofsson.
11:03 of 3rd period - Shot Misses the Net.
11:03 of 3rd period - Puck is out of play.
11:04 of 3rd period - Sebastian Aho wins face-off versus Frederik Gauthier in Icehogs zone.
11:22 of 3rd period - Icing by Patrick Sieloff.
11:23 of 3rd period - Kyle Rau wins face-off versus Curtis Lazar in Icehogs zone.
11:30 of 3rd period - Snap shot by Kyle Rau.
11:30 of 3rd period - Stopped by Mackenzie Blackwood with a rebound.
11:36 of 3rd period - Slapshot by Patrick Sieloff.
11:36 of 3rd period - Shot Blocked by Joe Morrow.
11:38 of 3rd period - Snap shot by Craig Cunningham.
11:38 of 3rd period - Shot Blocked by Joe Morrow.
12:25 of 3rd period - Penalty to Kale Clague is over, Kale Clague is back on ice.
12:38 of 3rd period - Off-side.
12:39 of 3rd period - Dillon Dube wins face-off versus Antti Suomela in neutral zone.
13:00 of 3rd period - Jakub Zboril is hit by Mike Reilly and loses puck.
13:39 of 3rd period - Slapshot by Mikhail Grigorenko.
13:39 of 3rd period - Shot Blocked by Victor Olofsson.
13:41 of 3rd period - Wrist shot by Mikhail Grigorenko.
13:41 of 3rd period - Stopped by Laurent Brossoit without a rebound.
13:42 of 3rd period - Sebastian Aho wins face-off versus Mike Amadio in Wolves zone.
13:42 of 3rd period - Joe Morrow is hit by Frederik Gauthier and loses puck.
13:51 of 3rd period - Petter Granberg is hit by Jeffrey Foss and loses puck.
13:58 of 3rd period - Wrist shot by Alexandre Grenier.
13:58 of 3rd period - Stopped by Mackenzie Blackwood with a rebound.
14:08 of 3rd period - Fredrik Olofsson is hit by Nick Mattson and loses puck.
15:32 of 3rd period - Alexandre Grenier is hit by Curtis Lazar and loses puck.
15:42 of 3rd period - Icing by Patrick Sieloff.
15:43 of 3rd period - Kyle Rau wins face-off versus Tanner Richard in Icehogs zone.
15:44 of 3rd period - Snap shot by Thomas Spelling.
15:44 of 3rd period - Goal by Thomas Spelling - Wolves : 6 - Icehogs : 3.
15:45 of 3rd period - Sebastian Aho wins face-off versus Frederik Gauthier in neutral zone.
15:45 of 3rd period - Sebastian Aho is hit by Stefan Matteau.
15:49 of 3rd period - Wrist shot by Jeffrey Foss.
15:49 of 3rd period - Shot Blocked by Mike Amadio.
15:51 of 3rd period - Slapshot by Jeffrey Foss.
15:51 of 3rd period - Shot Hit the Post.
15:53 of 3rd period - Slapshot by Lawson Crouse.
15:53 of 3rd period - Shot Misses the Net.
15:55 of 3rd period - Snap shot by Sebastian Aho.
15:55 of 3rd period - Stopped by Mackenzie Blackwood with a rebound.
16:36 of 3rd period - Minor Penalty to Jeffrey Foss for Holding.
16:37 of 3rd period - Kyle Rau wins face-off versus Michael Chaput in Wolves zone.
18:36 of 3rd period - Penalty to Jeffrey Foss is over, Jeffrey Foss is back on ice.
18:45 of 3rd period - Wrist shot by Antti Suomela.
18:45 of 3rd period - Stopped by Mackenzie Blackwood without a rebound.
18:46 of 3rd period - Victor Olofsson wins face-off versus Dillon Dube in Icehogs zone.
18:49 of 3rd period - Backhand shot by Antti Suomela.
18:49 of 3rd period - Shot Blocked by Julius Honka.
18:51 of 3rd period - Wrist shot by Victor Olofsson.
18:51 of 3rd period - Stopped by Mackenzie Blackwood without a rebound.
18:52 of 3rd period - Dillon Dube wins face-off versus Antti Suomela in Icehogs zone.
18:57 of 3rd period - Antti Suomela is hit by Dillon Dube and loses puck.
19:04 of 3rd period - Wrist shot by Antti Suomela.
19:04 of 3rd period - Deflect By Victor Olofsson.
19:04 of 3rd period - Shot Misses the Net.
19:04 of 3rd period - Puck is out of play.
19:05 of 3rd period - Sebastian Aho wins face-off versus Frederik Gauthier in Icehogs zone.
19:08 of 3rd period - Snap shot by Sebastian Aho.
19:08 of 3rd period - Shot Blocked by Petter Granberg.
19:10 of 3rd period - Wrist shot by Alexandre Grenier.
19:10 of 3rd period - Stopped by Mackenzie Blackwood without a rebound.
19:11 of 3rd period - Sebastian Aho wins face-off versus Frederik Gauthier in Icehogs zone.
19:38 of 3rd period - Snap shot by Jeffrey Foss.
19:38 of 3rd period - Stopped by Mackenzie Blackwood with a rebound.
Goals for this period are 1 for Wolves vs 1 for Icehogs.
Shots for this period are 11 for Wolves vs 7 for Icehogs.